 Dungeon Crawl Stone Soup version 0.24.0-37-gcf1ca852f1 (webtiles) character file.

Game seed: 68189645127423572, levelgen mode: deterministic

820 Cryoshakespeare the Swashbuckler (level 8, 0/45 HPs)
             Began as a Kobold Hunter on Nov 21, 2019.
             Was a Follower of Yredelemnul.
             Slain by an ogre
             ... wielding a +0 giant club
              (24 damage)
             ... on level 4 of the Dungeon.
             The game lasted 00:11:49 (4496 turns).

Cryoshakespeare the Swashbuckler (Kobold Hunter)    Turns: 4496, Time: 00:11:50

Health: 0/45       AC:  4    Str:  9    XL:     8   Next: 16%
Magic:  8/8        EV: 15    Int: 12    God:    Yredelemnul [*.....]
Gold:   119        SH:  0    Dex: 18    Spells: 7/7 levels left

rFire    + . .     SeeInvis .   b - +0 short sword
rCold    + + .     Gourm    .   (shield restricted)
rNeg     + . .     Faith    .   c - +0 leather armour
rPois    .         Spirit   .   (no helmet)
rElec    .         Reflect  .   t - scarf {rC+ rF+}
rCorr    .         Harm     .   (no gloves)
MR       .....                  s - +0 pair of boots
Stlth    ++........             (no amulet)
HPRegen  0.15/turn              p - ring of protection from cold
MPRegen  0.11/turn              m - ring of positive energy

@: no status effects
A: small, carnivore
a: Animate Remains, Renounce Religion


You were on level 4 of the Dungeon.
You worshipped Yredelemnul.
Yredelemnul was aware of your devotion.
You were completely stuffed.

You visited 1 branch of the dungeon, and saw 4 of its levels.

You collected 119 gold pieces.

Inventory:

Hand Weapons
 a - a +1 hand crossbow
 b - a +0 short sword (weapon)
Missiles
 d - 52 bolts
Armour
 c - a +0 leather armour (worn)
 s - a +0 pair of boots (worn)
 t - a scarf of resistance (worn)
Jewellery
 j - an uncursed ring of wizardry
 m - a ring of positive energy (right hand)
 p - a ring of protection from cold (left hand)
 A - a +4 ring of strength {unknown}
Scrolls
 e - 3 scrolls of remove curse
 h - 4 scrolls of identify {unknown}
 i - a scroll of fog {unknown}
 k - a scroll of enchant armour {unknown}
 l - 3 scrolls of teleportation {unknown}
 n - a scroll of fear {unknown}
 o - 3 scrolls of amnesia {unknown}
 x - a scroll of immolation {unknown}
 y - a scroll of random uselessness {unknown}
 z - a scroll of noise {unknown}
Potions
 g - a potion of heal wounds
 r - a potion of mutation {unknown}
 u - a potion of haste {unknown}
 v - a potion of lignification {unknown}
 w - a potion of flight {unknown}
Comestibles
 f - 13 rations
 q - a chunk of flesh


   Skills:
 + Level 2.6 Fighting
 - Level 17.2 Short Blades
 - Level 5.1 Crossbows
 - Level 2.4 Dodging
 - Level 1.3 Stealth


You had 7 spell levels left.
You didn't know any spells.
Your spell library contained the following spells:

 Spells                   Type           Power        Failure   Level  Hunger
 Beastly Appendage        Tmut           #.....       43%         1    ##.....
 Sticks to Snakes         Tmut           #.......     56%         2    ###....
 Spider Form              Tmut/Pois      #.........   80%         3    ####...
 Ice Form                 Ice/Tmut       #.......     99%         4    #####..
 Blade Hands              Tmut           #.........   100%        5    ######.


Dungeon Overview and Level Annotations

Branches:
Dungeon (4/15)
 Temple: D:4-7

Altars:
Vehumet
Yredelemnul


Innate Abilities, Weirdness & Mutations

You are small and have problems with some larger weapons.
You are carnivorous and can eat meat at any time.


Message History

Found a ration.
a - a +1 hand crossbow (weapon)
Firing (i - inventory)
d - 53 bolts (quivered)
Press: ? - help, Shift-Dir - straight line, f - ogre
Aim: an ogre, wielding a +0 giant club You shoot a bolt.
The bolt hits the ogre!
The ogre is moderately wounded.
b - a +0 short sword (weapon)
The ogre closely misses your hound skeleton.
Your hound skeleton bites the ogre.
You swap places.
The ogre hits you with a +0 giant club!!
Your frilled lizard skeleton bites the ogre but does no damage.
You barely miss the ogre.
The ogre is moderately wounded.
Your frilled lizard skeleton bites the ogre.
The ogre hits you with a +0 giant club!!
Ouch! That really hurt!
You die...
Your body rises from the dead as a mindless zombie.

.......... ........#
..#.......# .#.......#####
##)......##...# #...
#...#....(.% #....#
##..##.........#O###...####
.....#.........#@Z........#
##..............Z.........#
..............#.......#>..#
..............#......###.##
.....................##..##
..Z.........##..##........#
Z.##.Z......#...#...#####.##
####Z...............# #..#
.##.............#.#.#
#..####


You could see an ogre, a friendly frilled lizard skeleton and a friendly hound
skeleton.

Vanquished Creatures
  Menkaure (D:4)
  A howler monkey (D:4)
  A hound (D:4)
  A bullfrog skeleton (D:4)
  An iguana (D:4)
  2 orc wizards (D:4)
  A worker ant (D:4)
  7 adders
  2 oozes
  A worm (D:3)
  4 dart slugs
  4 orcs
  2 ball pythons
  3 giant cockroaches (D:1)
  A goblin (D:3)
  10 hobgoblins
  10 jackals
  7 kobolds
  A quokka (D:2)
  6 bats
  2 frilled lizards
  10 rats
78 creatures vanquished.

Vanquished Creatures (others)
  A ball python zombie (D:4)
  An orc skeleton (D:4)
2 creatures vanquished.

Grand Total: 80 creatures vanquished

Notes
Turn   | Place    | Note
-------+----------+-------------------------------------------
     0 | D:1      | Cryoshakespeare the Kobold Hunter began the quest for the
                  | Orb.
     0 | D:1      | Reached XP level 1. HP: 12/12 MP: 1/1
     5 | D:1      | Reached skill level 5 in Crossbows
   209 | D:1      | Reached XP level 2. HP: 16/17 MP: 2/2
   242 | D:1      | Reached skill level 1 in Short Blades
   446 | D:1      | Reached skill level 2 in Short Blades
   493 | D:1      | Reached XP level 3. HP: 16/21 MP: 3/3
   614 | D:1      | Reached skill level 3 in Short Blades
  1365 | D:2      | Reached XP level 4. HP: 26/26 MP: 4/4
  1481 | D:2      | Reached skill level 4 in Short Blades
  2122 | D:2      | Reached skill level 5 in Short Blades
  2306 | D:3      | Reached XP level 5. HP: 30/30 MP: 5/5
  3383 | D:3      | Found a faded altar of an unknown god.
  3386 | D:3      | Became a worshipper of Yredelemnul the Dark
  3386 | D:3      | Reached * piety under Yredelemnul
  3556 | D:4      | Reached skill level 6 in Short Blades
  3568 | D:4      | Noticed Menkaure
  3577 | D:4      | Killed Menkaure
  3577 | D:4      | Reached skill level 7 in Short Blades
  3577 | D:4      | Reached XP level 6. HP: 14/35 MP: 6/6
  3832 | D:4      | Reached skill level 8 in Short Blades
  4064 | D:4      | Reached XP level 7. HP: 22/40 MP: 7/7
  4246 | D:4      | Reached skill level 17 in Short Blades
  4246 | D:4      | Reached XP level 8. HP: 33/44 MP: 8/8
  4462 | D:4      | Found a radiant altar of Vehumet.
  4496 | D:4      | Slain by an ogre

Levels and vault maps discovered:
D:1:      dpeg_arrival_court, layout_loops_ring, corner_web_ring,
          minmay_misc_feat_chi, st_stairs_4
D:2:      layout_loops_corners
D:3:      layout_loops_ring, first_ration, chequers_ecumenical_altar_simple
D:4:      minmay_opposing_rooms, layout_cave_pools, vehumet_statue,
          uniq_menkaure

Skill      XL: |  1  2  3  4  5  6  7 |
---------------+----------------------+-----
Crossbows      | 5 |  5.1
Short Blades   | 2 3 5 7 8 17 | 17.2
Fighting       | |  2.6
Dodging        | |  2.4
Stealth        | |  1.3

Action                   |  1- 3 |  4- 6 |  7- 9 || total
-------------------------+-------+-------+-------++-------
Melee: Short sword       |   103 |   165 |    21 ||   289
 Fire: Hand crossbow     |    18 |    31 |     4 ||    53
Invok: Animate Remains   |       |     2 |     2 ||     4
  Use: Scroll            |       |     1 |       ||     1
       Potion            |       |       |     3 ||     3
 Stab: Sleeping          |       |     3 |       ||     3
  Eat: Chunk             |    10 |     8 |     3 ||    21
Armor: Leather armour    |    22 |    25 |     5 ||    52
Dodge: Dodged            |    91 |    98 |    22 ||   211
